Map: Site Delta LE

Players

Dark - Winner!

  • Race: Zerg Zerg
  • Spawn Location: 11:00

MaxPax

  • Race: Protoss Protoss
  • League: Master
  • Spawn Location: 5:00

VOD

Have the link to the VOD?

Description

Time

  • Played on: Nov. 28, 2023, 7:04 a.m.
  • Length: 9:02
Show
View Real Time Build Order
Export as new Build Order

Dark Zerg - Winner!

Build Orders: Hatch First 

Get SALT Encoding   

  12  0:00  Drone  
  13  0:12  Overlord  
  13  0:17  Drone  
  14  0:31  Drone x2  
  16  0:50  Hatchery  
  16  0:52  Drone  
  16  0:56  Drone  
  17  0:58  Drone  
  17  1:02  Extractor  
  17  1:14  Spawning Pool  
  17  1:18  Drone  
  17  1:21  Drone  
  18  1:31  Drone  
  20  1:40  Drone  
  20  1:52  Drone  
  21  2:02  Queen x2  
  21  2:05  Drone, Metabolic Boost  
  26  2:11  Overlord  
  26  2:16  Drone  
  26  2:18  Drone  
  28  2:30  Drone x2  
  30  2:38  Zergling x4  
  32  2:45  Zergling x2  
  32  2:47  Zergling x2  
  32  2:49  Hatchery  
  33  2:54  Overlord  
  33  3:00  Queen  
  35  3:08  Zergling x2  
  35  3:11  Queen  
  38  3:13  Drone x3  
  38  3:16  Drone  
  38  3:18  Drone  
  43  3:20  Drone  
  44  3:29  Overlord  
  42  3:41  Zergling x2  
  42  3:43  Overlord  
  41  3:49  Zergling x18  
  41  3:52  Spore Crawler  
  49  3:56  Spore Crawler  
  49  3:58  Zergling x2  
  49  4:00  Queen  
  51  4:03  Drone x2  
  53  4:12  Drone  
  53  4:16  Drone  
  53  4:17  Drone x5  
  56  4:20  Drone  
  56  4:24  Queen  
  62  4:36  Drone x5  
  62  4:38  Drone  
  65  4:40  Drone  
  62  4:50  Evolution Chamber  
  61  4:56  Queen  
  61  4:57  Zergling x2  
  61  4:58  Zergling x4  
  64  5:01  Zergling x2  
  65  5:07  Zergling x2  
  65  5:08  Overlord  
  65  5:11  Overlord  
  65  5:13  Overlord  
  66  5:18  Hatchery, Overlord  
  66  5:20  Zerg Melee Weapons Level 1  
  63  5:23  Zergling x4  
  65  5:31  Drone  
  65  5:32  Drone x5  
  71  5:36  Drone  
  70  5:44  Zergling x4  
  70  5:45  Drone x3  
  70  5:46  Drone x3  
  70  5:47  Drone x2  
  70  5:49  Drone  
  81  5:50  Drone  
  81  5:58  Lair  
  81  5:59  Roach Warren  
  80  6:06  Drone x2  
  80  6:07  Drone  
  80  6:10  Extractor x2  
  79  6:12  Drone x8  
  79  6:16  Extractor  
  79  6:17  Extractor  
  85  6:19  Overlord  
  85  6:20  Overlord  
  85  6:23  Overlord  
  85  6:35  Overlord  
  85  6:36  Overlord  
  85  6:42  Roach x10  
  85  6:44  Spore Crawler  
  108  6:54  Roach x6  
  116  7:01  Glial Reconstitution  
  116  7:05  Drone x2  
  116  7:06  Drone x2  
  118  7:13  Drone x5  
  118  7:14  Roach x4  
  131  7:19  Zergling x2  
  131  7:20  Zergling x8  
  136  7:34  Zergling x16  
  136  7:35  Spore Crawler  
  143  7:40  Drone  
  143  7:41  Baneling Nest  
  143  7:44  Overlord x2  
  143  7:45  Overlord  
  143  7:52  Overlord  
  143  8:02  Drone  
  143  8:07  Zergling x30  
  143  8:08  Zergling x2  
  159  8:18  Roach  
  159  8:19  Roach x6  
  165  8:26  Roach x4  
  168  8:30  Roach  
  168  8:33  Roach x2  
  172  8:36  Roach x2  
  172  8:37  Zergling x2  
  172  8:38  Overlord  
  172  8:40  Overlord  
Show
View Real Time Build Order
Export as new Build Order

MaxPax Protoss 

Build Orders: 1 Gate Expand, Oracle Opening, Zealot Archon 

Get SALT Encoding   

  12  0:00  Probe  
  13  0:12  Probe  
  14  0:19  Pylon  
  14  0:24  Probe  
  15  0:37  Probe (Chrono Boost)  
  15  0:39  Gateway  
  16  0:47  Probe (Chrono Boost)  
  16  0:49  Assimilator  
  17  0:52  Probe (Chrono Boost)  
  18  1:04  Probe  
  19  1:16  Probe  
  20  1:26  Nexus  
  20  1:36  Cybernetics Core  
  20  1:39  Probe  
  21  1:45  Assimilator  
  21  1:51  Probe  
  22  1:55  Pylon  
  22  2:03  Probe  
  23  2:10  Adept (Chrono Boost)  
  26  2:15  Probe  
  26  2:17  Stargate  
  26  2:27  Probe  
  27  2:30  Warp Gate  
  27  2:31  Adept (Chrono Boost)  
  29  2:39  Probe (Chrono Boost)  
  31  2:45  Probe (Chrono Boost)  
  31  2:49  Probe (Chrono Boost)  
  32  2:53  Adept, Probe (Chrono Boost)  
  32  2:54  Probe (Chrono Boost)  
  36  3:04  Probe  
  36  3:05  Oracle (Chrono Boost), Probe  
  41  3:16  Probe  
  41  3:17  Probe  
  41  3:19  Pylon  
  43  3:22  Gateway  
  43  3:28  Probe  
  43  3:29  Probe  
  45  3:37  Oracle (Chrono Boost)  
  45  3:40  Probe  
  47  3:50  Nexus, Probe  
  47  3:53  Probe  
  49  3:56  Pylon  
  49  4:02  Probe  
  50  4:03  Assimilator  
  50  4:05  Assimilator, Probe  
  51  4:12  Oracle (Chrono Boost)  
  51  4:14  Probe  
  55  4:17  Adept, Probe  
  55  4:20  Pylon  
  58  4:25  Adept  
  58  4:28  Probe  
  61  4:38  Probe  
  55  4:46  Oracle (Chrono Boost)  
  55  4:49  Probe  
  55  4:50  Probe  
  60  4:53  Zealot  
  60  4:55  Pylon  
  62  5:01  Probe  
  62  5:02  Probe  
  62  5:06  Zealot  
  63  5:07  Probe  
  63  5:11  Twilight Council  
  63  5:13  Forge, Probe  
  62  5:15  Probe  
  62  5:16  Stalker  
  62  5:19  Probe (Chrono Boost)  
  63  5:29  Pylon  
  63  5:30  Probe (Chrono Boost)  
  63  5:31  Gateway, Probe (Chrono Boost)  
  63  5:32  Probe (Chrono Boost)  
  63  5:33  Gateway  
  64  5:36  Gateway  
  64  5:38  Gateway  
  64  5:41  Zealot  
  64  5:42  Zealot  
  68  5:44  Probe x2  
  68  5:45  Probe  
  67  5:56  Probe x2  
  72  5:57  Probe  
  72  5:59  Shield Battery  
  70  6:05  Charge (Chrono Boost), Zealot x2  
  70  6:08  Templar Archives, Probe x2  
  70  6:11  Protoss Ground Weapons Level 1  
  76  6:12  Probe  
  76  6:18  Shield Battery  
  77  6:20  Probe  
  77  6:21  Probe  
  77  6:22  Robotics Facility  
  77  6:25  Probe  
  81  6:32  Probe  
  81  6:33  Sentry  
  81  6:35  Assimilator  
  81  6:37  Assimilator, Probe  
  81  6:39  Zealot x2, Probe, Pylon  
  89  6:42  Pylon  
  89  6:45  Probe  
  90  6:53  Pylon  
  90  6:54  Pylon  
  90  6:57  Pylon  
  90  6:58  Probe  
  91  7:03  Probe  
  91  7:05  Probe  
  93  7:09  High Templar x2  
  93  7:10  Zealot x2, High Templar x2  
  93  7:14  Gateway, Archon x2  
  93  7:15  Gateway  
  105  7:17  Pylon  
  105  7:18  Warp Prism (Chrono Boost), Photon Cannon  
  105  7:21  Probe  
  108  7:39  Robotics Bay  
  108  7:41  Robotics Facility  
  108  7:42  Zealot x5  
  118  7:50  Zealot, Observer (Chrono Boost)  
  121  7:52  Probe  
  122  7:59  Immortal (Chrono Boost)  
  122  8:05  Nexus  
  126  8:07  Pylon  
  126  8:18  Zealot x7  
  126  8:19  Zealot  
  108  8:28  Disruptor (Chrono Boost)  
  108  8:31  Zealot x8  
Tags
 
Add a new tag
Caveats
  • Supply blocks, unpowered buildings, or Contaminate may cause inaccurate times.
  • Supply counts are checked every 10 seconds.